 Dungeon Crawl Stone Soup version 0.26.0-16-gc1dbca0489 (webtiles) character file.

Game seed: 13366861779739554473

2694 KamiKatze the Slicer (level 9, -1/46 HPs)
             Began as a Spriggan Chaos Knight on Jan 21, 2021.
             Was a Plaything of Xom.
             Slain by a wolf (8 damage)
             ... led by Grum
             ... on level 7 of the Dungeon.
             The game lasted 00:37:36 (9762 turns).

KamiKatze the Slicer (Spriggan Chaos Knight)        Turns: 9762, Time: 00:37:37

Health: -1/46      AC: 11    Str: 13    XL:     9   Next: 38%
Magic:  17/17      EV: 23    Int: 16    God:    Xom [.....*]
Gold:   449        SH:  0    Dex: 15    Spells: 10/17 levels left

rFire    + . .     SeeInvis +   a - +0 short sword (chaos)
rCold    . . .     Faith    .   (shield restricted)
rNeg     . . .     Spirit   .   b - +2 robe
rPois    +         Reflect  .   (helmet restricted)
rElec    .         Harm     .   i - +1 cloak
rCorr    .         Rampage  .   (gloves unavailable)
Will     +....                  (boots unavailable)
Stlth    +++.......             w - amulet of regeneration
HPRegen  0.55/turn              m - ring of protection from fire
MPRegen  0.15/turn              B - +4 ring of protection

@: very quick
A: very small, unfitting armour, horns 1, talons 1, icy blue scales 1, see
invisible, blink, clever 1, deformed body, speed 3, poison resistance, strong 1,
evolution 1, MP-powered wands
a: Blink, Renounce Religion


You were on level 7 of the Dungeon.
You worshipped Xom.
You were Xom's teddy bear.
You visited 2 branches of the dungeon, and saw 9 of its levels.
You also visited: Ossuary and Bailey.

You collected 449 gold pieces.

Inventory:

Hand Weapons
 a - a +0 short sword of chaos (weapon)
 y - the +3 quarterstaff of Makhleb's Approval {vorpal, Will+ Str+3}
   (You found it on level 7 of the Dungeon)

   It inflicts extra damage upon your enemies.
   It affects your strength (+3).
   It affects your willpower, your defense against some magical effects.
Missiles
 c - 6 curare-tipped darts
 f - 22 poisoned darts (quivered)
 s - 30 boomerangs
Armour
 b - a +2 robe (worn)
 i - a +1 cloak (worn)
Magical Staves
 A - an uncursed staff of air
Jewellery
 e - an uncursed amulet of magic regeneration
 j - an uncursed ring of magical power
 m - a ring of protection from fire (left hand)
 w - an amulet of regeneration (around neck)
 B - a +4 ring of protection (right hand)
Wands
 n - a wand of disintegration (7)
 x - a wand of flame (19)
Scrolls
 h - 4 scrolls of blinking
 o - 4 scrolls of remove curse
 q - 2 scrolls of amnesia
 u - 3 scrolls of immolation
Potions
 d - 5 potions of curing
 g - 3 potions of invisibility
 k - 3 potions of heal wounds
 l - a potion of attraction
 p - 3 potions of mutation
 r - a potion of lignification
 v - 4 potions of haste
 z - 2 potions of magic


   Skills:
 + Level 4.6 Fighting
 * Level 8.0 Short Blades
 - Level 2.0 Throwing
 + Level 7.7 Dodging
 + Level 5.9 Stealth
 + Level 4.9 Spellcasting
 + Level 5.0 Hexes
 * Level 3.1 Air Magic
 - Level 2.0 Evocations


You had 10 spell levels left.
You knew the following spells:

 Your Spells              Type           Power        Failure   Level
a - Tukima's Dance        Hex            19%          6%          3
b - Airstrike             Air            7%           38%         4

Your spell library contained the following spells:

 Spells                   Type           Power        Failure   Level
 Corona                   Hex            21%          1%          1
 Swiftness                Air            14%          6%          2
 Shock                    Conj/Air       32%          9%          1
 Animate Skeleton         Necr           6%           16%         1
 Apportation              Tloc           6%           16%         1
 Summon Small Mammal      Summ           12%          16%         1
 Static Discharge         Conj/Air       8%           24%         3
 Lesser Beckoning         Tloc           1%           43%         3
 Lightning Bolt           Conj/Air       4%           92%         5
 Invisibility             Hex            19%          97%         6
 Alistair's Intoxication  Tmut/Pois      2%           99%         5


Dungeon Overview and Level Annotations

Branches:
Dungeon (8/15)             Temple (1/1) D:7         Ossuary (visited)
 Bailey (visited)
   Lair: D:8-11

Altars:
Ashenzari
Cheibriados
Dithmenos
Elyvilon
Fedhas
Gozag
Hepliaklqana
Kikubaaqudgha
Makhleb
Nemelex Xobeh
Okawaru
Qazlal
Ru
Sif Muna
Trog
Uskayaw
Vehumet
Wu Jian
Xom
Yredelemnul
Zin
The Shining One

Annotations:
D:8 Grum, Joseph


Innate Abilities, Weirdness & Mutations

You are very small and have problems with some larger weapons.
You are too small for most types of armour.
You have supernaturally acute eyesight. (SInv)
You cover ground extremely quickly.
You have a pair of small horns on your head.
You have sharp toenails.
You are partially covered in icy blue scales. (AC +2)
You can translocate small distances at will.
Your mind is acute. (Int +2)
Armour fits poorly on your strangely shaped body.
Your system is resistant to poisons. (rPois)
Your muscles are strong. (Str +2)
You evolve.
You expend magic power (3 MP) to strengthen your wands.


Message History

The goblin throws a boomerang.
The boomerang hits you.
* * * LOW HITPOINT WARNING * * *
The weapon returns to the goblin!
You see here a lightning rod (4/4).
Xom's power touches on you for a moment.
Your body is suffused with distortional energy.
You feel jittery.
There is a stone staircase leading up here.
The wolf closely misses you.
The goblin throws a boomerang.
The boomerang completely misses you.
The weapon returns to the goblin!
Joseph shoots a sling bullet.
The sling bullet hits you!
* * * LOW HITPOINT WARNING * * *
The wolf bites you but does no damage.
You climb upwards.
There is a stone staircase leading down, spattered with blood here.
You see here a +0 whip of distortion.
You closely miss the wolf. Your kick misses the wolf.
You are now Xom's teddy bear.
Xom grants you some temporary aid. The wolf bites you!
You die...

....#..........#.##............#+
###.##'#......##.#...............
#.....#......#..#....#..........
#.....#......+..#...............
#######......####...............
#.........####.......#...#..###'
#.........# #5..4..........#...
#.........# #.h............#...
##.....>...####.@............####
.###'#........[[########.....#..#
..#..'........4.#...#..#.....#...
..'..#..........#...#..'.....'...
###..#..........#.###'##.....#'##
##..############.#..............
#............#...#............).
#............#..................
#...###.###.#...≈≈≈≈≈...........


You could see a wolf, a friendly hellwing (summoned), a friendly red devil
(summoned) and a friendly crimson imp (summoned).

Vanquished Creatures
  A troll (D:7)
  2 orc warriors
  2 ice beasts (D:7)
  2 sky beasts
  An ogre (D:5)
  An eye of draining (D:7)
  4 centaurs
  A wolf (D:7)
  A big kobold (D:8)
  A bullfrog (D:7)
  A wyvern skeleton (D:6)
  A killer bee (D:6)
  A howler monkey (D:5)
  A hound (D:4)
  A jelly (D:7)
  An orc priest (D:6)
  A centaur skeleton (D:4)
  6 orc wizards
  2 iguanas
  5 worker ants
  9 big kobold zombies (Ossuary)
  A mummy (Ossuary)
  12 adders
  8 gnolls
  2 howler monkey skeletons (D:4)
  A shadow imp (D:3)
  An ufetubus (D:5)
  An ooze (D:5)
  An adder skeleton (D:7)
  2 worms (D:4)
  2 dart slugs (D:4)
  6 leopard geckos
  21 orcs
  5 spectral bats (Ossuary)
  5 ball pythons
  11 giant cockroaches
  34 goblins
  45 hobgoblins
  8 jackals
  9 kobolds
  3 quokkas
  6 bats
  6 bat simulacra (Ossuary)
  6 frilled lizards
  6 gnoll zombies
  2 goblin simulacra (Ossuary)
  2 goblin zombies (Ossuary)
  3 hobgoblin zombies (Ossuary)
  3 kobold simulacra (Ossuary)
  5 kobold zombies (Ossuary)
  8 orc zombies (Ossuary)
  7 rats
  6 rat simulacra (Ossuary)
  4 spectral goblins (Ossuary)
  A spectral kobold (Ossuary)
  4 spectral rats (Ossuary)
292 creatures vanquished.

Vanquished Creatures (collateral kills)
  A goblin (D:3)
  2 hobgoblins (D:3)
3 creatures vanquished.

Vanquished Creatures (others)
  An orc wizard (D:6)
  An orc (D:6)
  2 kobolds (D:3)
4 creatures vanquished.

Grand Total: 299 creatures vanquished

Notes
Turn   | Place    | Note
-------+----------+-------------------------------------------
     0 | D:1      | KamiKatze the Spriggan Chaos Knight began the quest for the
                  | Orb.
     0 | D:1      | Reached XP level 1. HP: 11/11 MP: 2/2
    45 | D:1      | Noticed a killer bee
    45 | D:1      | a bat changed into a killer bee
    45 | D:1      | XOM: potion effect (brilliance)
    52 | D:1      | XOM: divination: detect creatures
   303 | D:1      | Reached skill level 1 in Stealth
   367 | D:1      | Reached XP level 2. HP: 16/16 MP: 3/3
   405 | D:1      | XOM: divination: magic mapping
   626 | D:2      | Reached XP level 3. HP: 19/19 MP: 4/4
   683 | D:2      | Reached skill level 4 in Short Blades
   806 | D:2      | Found a radiant altar of Vehumet.
  1077 | D:2      | XOM: give mutations
  1077 | D:2      | Gained mutation: You have a pair of small antennae on your
                  | head. [Xom's mischief]
  1077 | D:2      | Gained mutation: Armour fits poorly on your strangely
                  | shaped body. [Xom's mischief]
  1077 | D:2      | Gained mutation: You are partially covered in icy blue
                  | scales. (AC +2) [Xom's mischief]
  1077 | D:2      | Gained mutation: You do not regenerate when monsters are
                  | visible. [Xom's mischief]
  1110 | D:2      | Reached XP level 4. HP: 13/23 MP: 5/5
  1909 | D:2      | Learned a level 3 spell: Tukima's Dance
  1916 | D:2      | XOM: give mutations
  1916 | D:2      | Lost mutation: Armour fits poorly on your strangely shaped
                  | body. [Xom's mischief]
  2009 | D:2      | XOM: stat loss: -1 Dex (14/15)
  2530 | D:3      | Reached XP level 5. HP: 27/28 MP: 6/6
  2531 | D:3      | Found a faded altar of an unknown god.
  2575 | D:3      | Found a broken altar of Ashenzari.
  2590 | D:3      | Lost mutation: You do not regenerate when monsters are
                  | visible. [potion of mutation]
  2590 | D:3      | Lost mutation: You have a pair of small antennae on your
                  | head. [potion of mutation]
  2590 | D:3      | Gained mutation: You have large cloven feet. [potion of
                  | mutation]
  2590 | D:3      | Lost mutation: You have large cloven feet. [potion of
                  | mutation]
  2590 | D:3      | Gained mutation: Your muscles are strong. (Str +2) [potion
                  | of mutation]
  2590 | D:3      | Gained mutation: Your system is resistant to poisons.
                  | (rPois) [potion of mutation]
  2616 | D:3      | XOM: chaos upgrade
  2772 | D:3      | XOM: summons 2 hostile shadow creatures
  2778 | D:3      | XOM: butterfly on damage
  2938 | D:3      | XOM: noise
  3439 | D:3      | Reached skill level 1 in Hexes
  3443 | D:3      | XOM: divination: detect creatures
  3517 | D:3      | Reached skill level 1 in Spellcasting
  3530 | D:3      | XOM: enchant monster (good)
  3630 | D:3      | Reached skill level 5 in Dodging
  3730 | D:3      | XOM: confuse monster(s)
  3747 | D:3      | Reached skill level 5 in Short Blades
  3872 | D:3      | XOM: potion effect (brilliance)
  3894 | D:3      | Reached XP level 6. HP: 14/32 MP: 9/9
  4015 | D:3      | XOM: silly message
  4097 | D:3      | XOM: polymorph hobgoblin -> kobold
  4117 | D:3      | XOM: cloud trail
  4538 | D:4      | XOM: scenery: summon butterflies
  4842 | D:4      | Reached skill level 1 in Throwing
  4980 | D:4      | Found a snail-covered altar of Cheibriados.
  5024 | D:4      | XOM: 8-stop teleportation journey
  5167 | D:4      | XOM: scenery: create altars
  5208 | D:4      | Found a stormy altar of Qazlal.
  5229 | D:4      | XOM: butterfly on damage
  5393 | D:4      | XOM: 2-stop teleportation journey
  5889 | D:5      | Entered Level 5 of the Dungeon
  5909 | D:5      | XOM: summons friendly quasit
  5915 | D:5      | Reached XP level 7. HP: 27/36 MP: 11/11
  6093 | D:5      | XOM: summons friendly shadow imp
  6134 | D:5      | XOM: noise
  6142 | D:5      | Reached skill level 6 in Short Blades
  6209 | D:5      | XOM: cloud trail
  6231 | D:5      | XOM: noise
  6515 | D:5      | XOM: silly message
  6750 | D:6      | XOM: silly message
  6873 | D:6      | XOM: potion effect (invisibility)
  6943 | D:6      | XOM: potion effect (might)
  6964 | D:6      | Reached XP level 8. HP: 38/42 MP: 14/14
  6987 | D:6      | XOM: silly message
  7399 | D:5      | Learned a level 4 spell: Airstrike
  7422 | D:6      | XOM: potion effect (invisibility)
  7426 | D:6      | Reached skill level 7 in Short Blades
  7436 | D:6      | XOM: silly message
  7441 | D:6      | Reached skill level 1 in Evocations
  7470 | D:6      | XOM: cloud trail
  7472 | D:6      | XOM: give mutations
  7472 | D:6      | Gained mutation: Your mind is acute. (Int +2) [Xom's grace]
  7472 | D:6      | Gained mutation: You expend magic power (3 MP) to
                  | strengthen your wands. [Xom's grace]
  7472 | D:6      | Gained mutation: You evolve. [Xom's grace]
  7546 | D:6      | Found a basalt altar of Yredelemnul.
  7871 | D:7      | Reached skill level 1 in Air Magic
  7875 | D:7      | Found a sand-covered staircase.
  7882 | Ossuary  | Entered an ossuary
  8282 | Ossuary  | XOM: cleaving
  8418 | Ossuary  | Reached skill level 5 in Stealth
  8478 | D:7      | XOM: confuse monster(s)
  8540 | D:7      | Found a staircase to the Ecumenical Temple.
  8547 | Temple   | Entered the Ecumenical Temple
  8585 | Temple   | XOM: 2-stop teleportation journey
  8913 | D:7      | Got a fine quarterstaff
  8914 | D:7      | Identified the +3 quarterstaff of Makhleb's Approval
                  | {vorpal, Will+ Str+3} (You found it on level 7 of the
                  | Dungeon)
  8939 | D:7      | Noticed a troll
  8956 | D:7      | XOM: divination: detect creatures
  9001 | D:7      | XOM: god gift: thick jewelled staff {god gift}
  9018 | D:7      | Killed a troll
  9018 | D:7      | XOM: confuse monster(s)
  9019 | D:7      | Reached XP level 9. HP: 44/46 MP: 16/16
  9361 | D:7      | XOM: give mutations
  9361 | D:7      | Gained mutation: You have sharp toenails. [Xom's grace]
  9361 | D:7      | Gained mutation: You have a pair of small horns on your
                  | head. [Xom's grace]
  9396 | D:7      | Found an opulent altar of Gozag.
  9481 | D:8      | XOM: stealth player
  9494 | D:8      | Noticed Grum
  9498 | D:8      | Found a flagged portal.
  9502 | D:8      | XOM: divination: detect items
  9517 | D:8      | XOM: enchant monster (good)
  9522 | D:8      | XOM: enchant monster (good)
  9529 | D:8      | XOM: polymorph goblin -> frilled lizard
  9548 | D:7      | Reached skill level 8 in Short Blades
  9587 | D:8      | XOM: scenery: 1 doors open
  9590 | D:8      | Gained mutation: Armour fits poorly on your strangely
                  | shaped body. [evolution]
  9648 | D:8      | XOM: god gift: dented steel amulet {god gift}
  9659 | Bailey   | Entered a bailey
  9705 | Bailey   | Reached skill level 5 in Hexes
  9755 | D:8      | Noticed Joseph
  9758 | D:8      | XOM: god gift: lightning rod (4/4)
  9759 | D:8      | XOM: give mutation
  9759 | D:8      | Gained mutation: You can translocate small distances at
                  | will. [Xom's grace]
  9762 | D:7      | XOM: summons 3 friendly demons
  9762 | D:7      | Slain by a wolf

Illustrated notes

Levels and vault maps discovered:
D:1:      dpeg_arrival_refuge, layout_basic, minivault_26
D:2:      layout_basic, lemuel_crystal_altar, kennysheep_generic_room_7
D:3:      minmay_goblin_kobold_castle, layout_rooms, evilmike_ruin_ashenzari,
          chequers_ecumenical_altar_simple_redux, kennysheep_generic_room_10
D:4:      layout_layer_cave, kennysheep_slug_shrine, kennysheep_little_box
D:5:      layout_loops_ring
D:6:      layout_loops_cross, lemuel_zombie_altar_yredelemnul,
          amcnicky_mini_pool_small, st_stairs_7
D:7:      layout_gridville, old_standard_altar,
          minmay_temple_entry_drinking_statues, nicolae_ossuary_entry_ruins,
          grunt_decor_junction
D:8:      layout_gridville, enter_bailey_5, gammafunk_ghost_necromancy,
          onia_ninara_dug_in_and_dangerous, uniq_joseph, uniq_grum
Temple:   regret_index_temple_generic_petals

Skill      XL: |  1  2  3  4  5  6  7  8  9 |
---------------+----------------------------+-----
Stealth        | 1 2 3 5 |  5.9
Dodging        | 4 5 6 7 |  7.7
Short Blades   | 4 5 6 7 8 |  8.0
Fighting       | 3 4 |  4.6
Hexes          | 1 2 3 4 5 |  5.0
Spellcasting   | 1 2 3 4 |  4.9
Throwing       | 1 2 |  2.0
Evocations     | 2 |  2.0
Air Magic      | 2 3 |  3.1

Action                   |  1- 3 |  4- 6 |  7- 9 || total
-------------------------+-------+-------+-------++-------
Melee: Short sword       |    95 |   449 |   486 ||  1030
       Kick              |       |       |    14 ||    14
       Headbutt          |       |       |     9 ||     9
Throw: Dart              |       |    18 |     8 ||    26
Evoke: Wand              |       |       |     2 ||     2
  Use: Scroll            |     2 |     7 |     9 ||    18
       Potion            |       |     3 |     1 ||     4
 Stab: Sleeping          |     2 |     5 |    24 ||    31
       Paralysed         |     1 |     5 |     3 ||     9
       Confused          |       |     1 |     8 ||     9
       Petrifying        |       |     1 |       ||     1
       Invisible         |       |       |     9 ||     9
       Distracted        |       |       |     5 ||     5
Armor: Robe              |    15 |    66 |    60 ||   141
Dodge: Dodged            |    71 |   406 |   438 ||   915
